 Dungeon Crawl Stone Soup version 0.30-a0-939-gc8157cb160 (webtiles) character file.

Game seed: 6620805727127330365

3519 Jeffwins the Stinger (level 10, -3/65 HPs)
             Began as a Human Wanderer on Mar 26, 2023.
             Was an Initiate of Vehumet.
             Killed from afar by Erica (29 damage)
             ... with a lance of force
             ... on level 8 of the Dungeon.
             The game lasted 00:20:59 (9310 turns).

Jeffwins the Stinger (Human Wanderer)               Turns: 9310, Time: 00:20:59

Health: -3/65      AC:  5    Str:  8    XL:     10   Next: 29%
Magic:  11/28      EV: 11    Int: 22    God:    Vehumet [......]
Gold:   177        SH:  0    Dex: 13    Spells: 7/21 levels left

rFire   . . .      SeeInvis .    a - +3 short sword
rCold   . . .      Faith    .    (no shield)
rNeg    . . .      Spirit   .    c - +0 robe
rPois   +          Reflect  .    f - +0 helmet
rElec   .          Rampage  .    (no cloak)
rCorr   .                        A - +0 pair of gloves of Fortification {Int+3}
Will    .....                    m - +0 pair of boots
Stlth   +                        (no amulet)
HPRegen 0.30/turn                W - ring of magical power
MPRegen 0.21/turn                Z - ring of wizardry

@: lethally poisoned (-3 -> -13)
A: dopey 1, poison resistance
a: Renounce Religion


You were on level 8 of the Dungeon.
You worshipped Vehumet.
Vehumet was noncommittal.
You visited 2 branches of the dungeon, and saw 9 of its levels.
You also visited: Ossuary.

You collected 428 gold pieces.
You spent 251 gold pieces at shops.


Innate Abilities, Weirdness & Mutations

You are dopey. (Int -2)
Your system is resistant to poisons. (rPois)


   Skills:
 - Level 1.0 Fighting
 * Level 6.3 Spellcasting
 * Level 5.9 Conjurations
 * Level 5.1 Summonings
 - Level 4.0 Transmutations
 * Level 6.2 Earth Magic
 * Level 7.3 Poison Magic
 - Level 1.0 Invocations


You had 7 spell levels left.
You knew the following spells:

 Your Spells              Type           Power      Damage    Failure   Level
f - Call Canine Familiar  Summ           29%        N/A       1%          3
m - Mephitic Cloud        Conj/Pois/Air  26%        N/A       1%          3
o - Olgreb's Toxic Radia  Pois           39%        N/A       1%          4
x - Stone Arrow           Conj/Erth      66%        3d11      1%          3
z - Sting                 Tmut/Pois      100%       1d8       1%          1

Your spell library contained the following spells:

 Spells                   Type           Power      Damage    Failure   Level
 Sandblast                Erth           68%        2d15      1%          1
 Summon Small Mammal      Summ           100%       N/A       1%          1
 Passwall                 Tmut/Erth      24%        N/A       1%          2
 Summon Guardian Golem    Hex/Summ       18%        N/A       3%          3

Inventory:

Hand Weapons
 a - a +3 short sword (weapon)
 e - a +0 halberd
 v - a +0 trident
 B - a +0 shortbow
 C - a +1 whip of flaming
Missiles
 n - a throwing net {=f}
 s - 20 poisoned darts
 y - 7 javelins (quivered)
Armour
 c - a +0 robe (worn)
 f - a +0 helmet (worn)
 m - a +0 pair of boots (worn)
 r - a +0 ring mail of cold resistance
 A - the +0 pair of gloves of Fortification (worn) {Int+3}
   (You bought it in a shop on level 7 of the Dungeon)

   Int:       It affects your intelligence (+3).
Jewellery
 W - a ring of magical power (left hand)
 Z - a ring of wizardry (right hand)
Wands
 z - a wand of roots (6)
Scrolls
 b - 3 scrolls of teleportation {@r4}
 i - a scroll of magic mapping
 k - 2 scrolls of immolation {!r}
 p - 2 scrolls of butterflies
 q - a scroll of fear
 u - a scroll of enchant armour
 x - 4 scrolls of identify {@r1}
 E - a scroll of acquirement {unknown}
 F - a scroll of blinking
Potions
 d - 4 potions of curing {@q1}
 g - 2 potions of heal wounds {unknown}
 h - 3 potions of might
 j - 2 potions of resistance
 l - a potion of flight {unknown}
 o - a potion of invisibility
 t - 3 potions of haste {@q3}
 w - a potion of cancellation
 D - a potion of degeneration {unknown}

Dungeon Overview and Level Annotations

Branches:
Dungeon (8/15)             Temple (1/1) D:5         Ossuary (visited)
   Lair: D:8-11

Altars:
Ashenzari
Cheibriados
Dithmenos
Elyvilon
Gozag
Hepliaklqana
Kikubaaqudgha
Nemelex Xobeh
Okawaru
Qazlal
Ru
Sif Muna
Uskayaw
Vehumet
Wu Jian
Xom
Yredelemnul
Zin
The Shining One

Shops:
D:6 =   D:7 [[[?*

Annotations:
D:4 1 runed translucent door, greasedhog's ghost, amateur MeFi
D:8 Erica

#....<.....
#..........
#..........
########.....[....
#
#..........####...
#. #..........#
#... #..
#..........# #...
#...#..........#
#...
#...<@.........#
#...
###.@#####.....#
#... #... #.....#
#... #... #######
#... #... #...
#... #... #..#
#... #.. ####


You could see Erica.


Message History

Aiming: Stone Arrow (safe; 1% risk of failure)
Press: ? - help, Shift-Dir - straight line, f/p - Erica
Aim: Erica, wielding a +4 scimitar of flaming and wearing a +0 robe (heavily wounded, 71% to hit)
The stone arrow misses Erica.
You feel sick. Erica casts a spell at you. The bolt of poison hits you.
You are more poisoned.
You resist.
Unknown command.
Casting: Stone Arrow (safe; 1% risk of failure)
Confirm with . or Enter, or press ? or * to list all spells.
Aiming: Stone Arrow (safe; 1% risk of failure)
Press: ? - help, Shift-Dir - straight line, f/p - Erica
Aim: Erica, wielding a +4 scimitar of flaming and wearing a +0 robe (heavily wounded, 71% to hit)
The stone arrow misses Erica.
You feel very sick.
Erica hits you with a +4 scimitar of flaming.
* * * LOW HITPOINT WARNING * * *
Erica burns you.
* * * LOW HITPOINT WARNING * * *
Casting: Stone Arrow (safe; 1% risk of failure)
Confirm with . or Enter, or press ? or * to list all spells.
Aiming: Stone Arrow (safe; 1% risk of failure)
Press: ? - help, Shift-Dir - straight line, f/p - Erica
Aim: Erica, wielding a +4 scimitar of flaming and wearing a +0 robe (heavily wounded, 71% to hit)
The stone arrow misses Erica.
You feel very sick.
Erica points at you and mumbles some strange words.
The lance of force hits you!!
You die...

Skill      XL: |  1  2  3  4  5  6  7  8  9 10 |
---------------+-------------------------------+-----
Transmutations | 1 2 3 4 |  4.0
Earth Magic    | 2 3 4 5 6 |  6.2
Conjurations   | 1 2 3 4 5 |  5.9
Spellcasting   | 4 5 6 |  6.3
Poison Magic   | 5 6 7 |  7.3
Summonings     | 1 3 4 5 |  5.1
Fighting       | |  1.0
Invocations    | |  1.0

Action                     |  1- 3 |  4- 6 |  7- 9 | 10-12 || total
---------------------------+-------+-------+-------+-------++-------
  Melee: Dagger            |    12 |     1 |       |       ||    13
         Rapier            |       |     1 |       |       ||     1
         Short sword       |       |     5 |   302 |       ||   307
   Cast: Sting             |    57 |    72 |    63 |       ||   192
         Olgreb's Toxic Ra |       |     5 |     7 |     4 ||    16
         Call Canine Famil |       |       |     8 |       ||     8
         Stone Arrow       |       |       |    27 |    32 ||    59
    Use: Potion            |       |     6 |     5 |       ||    11
         Scroll            |       |     1 |    13 |       ||    14
   Stab: Distracted        |       |       |     3 |       ||     3
 Armour: Robe              |     9 |     7 |    92 |       ||   108
         Skin              |       |    10 |     6 |       ||    16
  Dodge: Dodged            |    23 |    41 |   193 |    11 ||   268

Levels and vault maps discovered:
D:1:      psy_arrival_whirlpool, layout_basic,
          hellmonk_ecumenical_altar_leap_of_faith
D:2:      layout_basic, serial_bayou, serial_bayou_lagoon_a,
          serial_bayou_pond_a, serial_bayou_pond_e, serial_bayou_lake_a,
          minmay_pentomino_q2
D:3:      layout_basic
D:4:      layout_loops_ring, cheibrodos_worm_habitat, ebering_ghost_inner_flame,
          nicolae_ossuary_entry_catacombs
D:5:      layout_rooms, minmay_temple_entry_statues_fountains
D:6:      layout_cave_pods, serial_shops, nicolae_shop_hallway_stairs
D:7:      layout_basic, serial_shops, shop, nicolae_shop_hallway_stairs, shop,
          nicolae_shop_statue_plus, nicolae_shop_hallway_plus, uniq_pikel
D:8:      layout_gridville, gammafunk_ghost_hive, uniq_joseph, uniq_erica,
          uniq_amaemon
Temple:   nicolae_temple_two_arcs

Notes
Turn   | Place    | Note
-------+----------+-------------------------------------------
     0 | D:1      | Jeffwins the Human Wanderer began the quest for the Orb.
     0 | D:1      | Jeffwins set off with the following items: a +0 dagger, a
                  | scroll of fear, a +0 robe, a potion of curing {@q1}; and
                  | the following spells available to memorise: Sting,
                  | Sandblast, Mephitic Cloud, Olgreb's Toxic Radiance, Stone
                  | Arrow.
     0 | D:1      | Reached XP level 1. HP: 15/15 MP: 4/4
     2 | D:1      | Learned a level 1 spell: Sting
    28 | D:1      | Reached XP level 2. HP: 14/21 MP: 0/6
   535 | D:1      | Reached skill level 1 in Transmutations
   535 | D:1      | Reached XP level 3. HP: 26/26 MP: 5/7
   539 | D:1      | Learned a level 3 spell: Stone Arrow
   663 | D:1      | Found a faded altar of an unknown god.
  1487 | D:2      | Reached XP level 4. HP: 32/32 MP: 2/9
  1642 | D:2      | Reached skill level 2 in Earth Magic
  1717 | D:2      | Learned a level 4 spell: Olgreb's Toxic Radiance
  2161 | D:3      | Reached skill level 1 in Conjurations
  2755 | D:3      | You fall into a shaft and drop 3 floors!
  2772 | D:6      | Gained mutation: You are dopey. (Int -2) [potion of
                  | mutation]
  2772 | D:6      | Gained mutation: Your system is resistant to poisons.
                  | (rPois) [potion of mutation]
  2773 | D:6      | Reached XP level 5. HP: 7/37 MP: 0/10
  2784 | D:6      | Reached skill level 2 in Transmutations
  2955 | D:6      | Noticed a kobold brigand
  3056 | D:6      | Killed a kobold brigand
  3057 | D:6      | Reached skill level 2 in Conjurations
  3057 | D:6      | Reached XP level 6. HP: 43/43 MP: 3/11
  3102 | D:6      | Noticed a black bear
  3111 | D:6      | HP: 4/43 [poisoned by an adder]
  3163 | D:6      | Killed a black bear
  3164 | D:6      | Reached skill level 4 in Spellcasting
  3164 | D:6      | Reached skill level 3 in Earth Magic
  3164 | D:6      | Reached skill level 5 in Poison Magic
  3164 | D:6      | Reached XP level 7. HP: 32/48 MP: 1/13
  3374 | D:5      | Entered Level 5 of the Dungeon
  3400 | D:4      | Learned a level 3 spell: Call Canine Familiar
  3413 | D:4      | Found a runed translucent door.
  3418 | D:4      | Noticed greasedhog's ghost (amateur MeFi)
  3646 | D:4      | Reached skill level 1 in Summonings
  3646 | D:4      | Reached skill level 3 in Transmutations
  3653 | D:4      | Found a sand-covered staircase.
  3723 | Ossuary  | Entered an ossuary
  3816 | Ossuary  | Identified a potion of resistance
  3822 | Ossuary  | Reached skill level 3 in Conjurations
  3861 | Ossuary  | HP: 4/48 [elf zombie (3)]
  3866 | Ossuary  | Reached XP level 8. HP: 5/54 MP: 9/14
  4330 | Ossuary  | Reached skill level 2 in Summonings
  4471 | Ossuary  | Reached skill level 4 in Earth Magic
  5002 | D:4      | Found a snail-covered altar of Cheibriados.
  5566 | D:4      | Reached skill level 4 in Transmutations
  5780 | D:4      | Learned a level 3 spell: Mephitic Cloud
  6218 | D:5      | Found a staircase to the Ecumenical Temple.
  6227 | Temple   | Entered the Ecumenical Temple
  6352 | Temple   | Became a worshipper of Vehumet
  6705 | D:6      | Reached skill level 5 in Spellcasting
  6705 | D:6      | Reached skill level 4 in Conjurations
  6705 | D:6      | Reached skill level 3 in Summonings
  6705 | D:6      | Reached skill level 6 in Poison Magic
  6705 | D:6      | Reached XP level 9. HP: 59/59 MP: 7/16
  6805 | D:6      | Found Jute's Jewellery Emporium.
  7307 | D:6      | Reached skill level 5 in Earth Magic
  7689 | D:7      | Found Qeng's Armour Emporium.
  7697 | D:7      | Bought the +0 pair of gloves of Fortification {Int+3} for
                  | 195 gold pieces
  7857 | D:7      | Noticed Pikel
  7868 | D:7      | Killed Pikel
  7869 | D:7      | Reached skill level 5 in Conjurations
  7869 | D:7      | Reached skill level 4 in Summonings
  8053 | D:7      | Reached skill level 6 in Spellcasting
  8053 | D:7      | Reached XP level 10. HP: 57/65 MP: 17/19
  8123 | D:7      | Reached skill level 7 in Poison Magic
  8241 | D:7      | Found Giylez's Antique Armour Shop.
  8256 | D:7      | Found Meda's Armour Emporium.
  8315 | D:7      | Found Vock's Magic Scroll Emporium.
  8323 | D:7      | Bought a scroll of identify for 28 gold pieces
  8323 | D:7      | Bought a scroll of identify for 28 gold pieces
  8332 | D:7      | Reached skill level 6 in Earth Magic
  8466 | D:7      | Found Myrghics's Assorted Antiques.
  8647 | D:7      | Reached skill level 5 in Summonings
  9304 | D:8      | Noticed Erica
  9310 | D:8      | Killed from afar by Erica

Vanquished Creatures
  Pikel (D:7)
  A wyvern (D:6)
  3 water moccasins
  An orc warrior (D:7)
  An ice beast (D:6)
  A black bear (D:6)
  3 sky beasts
  2 centaurs (D:7)
  A lemure (D:7)
  A phantom (D:6)
  A kobold brigand (D:6)
  An elf zombie (D:4)
  3 scorpions
  2 elf skeletons (D:4)
  6 wights (D:7)
  3 jellies
  2 centaur zombies (Ossuary)
  A human zombie (Ossuary)
  A gnoll bouda (D:6)
  A hound (D:6)
  An orc priest (D:5)
  A human skeleton (D:4)
  3 iguanas
  2 orc wizards
  A hound zombie (Ossuary)
  3 mummies (Ossuary)
  8 gnolls
  8 adders
  A white imp (D:6)
  3 adder zombies (Ossuary)
  3 worms
  13 orcs
  3 bats
  4 endoplasms
  2 giant cockroaches
  A gnoll zombie (Ossuary)
  7 goblins
  10 hobgoblins
  9 kobolds
  7 quokkas
  7 ball pythons
  3 frilled lizards (D:3)
  A goblin zombie (Ossuary)
  3 hobgoblin zombies (Ossuary)
  4 jackal zombies (Ossuary)
  A kobold zombie (Ossuary)
  An orc skeleton (D:4)
  3 orc zombies (Ossuary)
  3 quokka zombies (Ossuary)
  2 rats
  A rat zombie (Ossuary)
155 creatures vanquished.

Vanquished Creatures (collateral kills)
  2 elf zombies (Ossuary)
  An elf skeleton (D:4)
  A nameless horror (D:4)
  3 centaur zombies (Ossuary)
  A hound zombie (Ossuary)
  A goblin zombie (Ossuary)
  A hobgoblin zombie (Ossuary)
  A kobold zombie (Ossuary)
  A quokka zombie (Ossuary)
  A rat zombie (Ossuary)
13 creatures vanquished.

Vanquished Creatures (others)
  5 plants (D:2)
5 creatures vanquished.

Grand Total: 173 creatures vanquished

Table legend: (Time is in decaauts)
 A = Elapsed time spent in this place.
 B = Non-inter-level travel time spent in this place.
 C = Inter-level travel time spent in this place.
 D = Time resting spent in this place.
 E = Time spent auto-exploring this place.
 F = Levels seen in this place.
 G = Mean time per level.
                   A        B        C        D        E       F      G
               +--------+--------+--------+--------+--------+-----+--------+
         Total |   9328 |   9017 |    311 |    635 |   6924 |  10 |  932.8 |
       Dungeon |   8247 |   7958 |    289 |    551 |   6225 |   8 | 1030.9 |
        Temple |    134 |    112 |     22 |      0 |    104 |   1 |  134.0 |
       Ossuary |    946 |    946 |      0 |     84 |    595 |   1 |  946.0 |
               +--------+--------+--------+--------+--------+-----+--------+

Top non-repeatable levels by time:
     D:7: 1595 daAuts
     D:6: 1583 daAuts
     D:4: 1493 daAuts
     D:2: 1085 daAuts
     D:1: 1081 daAuts
 Ossuary: 946 daAuts
     D:3: 773 daAuts
     D:5: 557 daAuts
  Temple: 134 daAuts
     D:8: 75 daAuts

Table legend:
 A = Non-vault XP
 B = Vault XP
 C = Vault XP percentage of total XP
 D = Non-vault monster count
 E = Vault monster count
 F = Vault count percentage of total count
                 A         B        C        D         E       F
            +---------+---------+-------+---------+---------+-------
      Total |    3392 |    1636 |  32.5 |     118 |      48 |  28.9
            +---------+---------+-------+---------+---------+-------
        D:1 |      34 |       0 |   0.0 |      12 |       0 |   0.0
        D:2 |      57 |       4 |   6.6 |      19 |       2 |   9.5
        D:3 |      37 |       0 |   0.0 |      15 |       0 |   0.0
        D:4 |     186 |     377 |  67.0 |      13 |       7 |  35.0
        D:5 |     182 |       0 |   0.0 |       7 |       0 |   0.0
        D:6 |    1330 |       0 |   0.0 |      27 |       0 |   0.0
        D:7 |    1566 |     651 |  29.4 |      25 |       1 |   3.8
    Ossuary |       0 |     604 | 100.0 |       0 |      38 | 100.0
            +---------+---------+-------+---------+---------+-------
